 Dungeon Crawl Stone Soup version 0.28.0-47-ge53b351184 (webtiles) character file.

Game seed: 3909743345842051716

115455 Exodus22XD the Severer (level 16, -7/151 HPs)
             Began as a Hill Orc Fighter on May 2, 2022.
             Was the Champion of Beogh.
             Shot with a bolt by a naga sharpshooter (17 damage)
             ... on level 4 of the Snake Pit on May 6, 2022.
             The game lasted 02:17:49 (30814 turns).

Exodus22XD the Severer (Hill Orc Fighter)          Turns: 30814, Time: 02:17:49

Health: -7/151     AC: 26    Str: 27    XL:     16   Next: 68%
Magic:  15/15      EV:  6    Int:  8    God:    Beogh [******]
Gold:   1220       SH: 25    Dex: 13    Spells: 15/15 levels left

rFire   + + .      SeeInvis +   z - +10 war axe of Res Nullius {drain, rElec Dex+3}
rCold   . . .      Faith    .   F - +2 tower shield
rNeg    . . .      Spirit   .   j - +3 plate armour {rF+}
rPois   +          Reflect  +   J - +2 hat
rElec   +          Harm     .   D - scarf {repulsion}
rCorr   .          Rampage  .   N - +0 pair of gloves
Will    +++..                   a - +1 pair of boots {Fly}
Stlth   ..........              v - amulet of reflection
HPRegen 0.35/turn               C - ring "Elejaj" {Contam rF+ Will++ MP-9 SInv}
MPRegen 0.14/turn               O - ring of poison resistance

@: mighty, lethally poisoned (-7 -> -10), flying, hasted, repel missiles, very
quick
A: walk on water
a: Renounce Religion, Smiting, Recall Orcish Followers, Give Item to Named
Follower, Resurrection


You were on level 4 of the Snake Pit.
You worshipped Beogh.
Beogh was exalted by your worship.
You visited 4 branches of the dungeon, and saw 26 of its levels.
You also visited: Sewer, Bailey and Volcano.

You collected 2649 gold pieces.
You spent 1429 gold pieces at shops.

Inventory:

Hand Weapons
 f - a +1 war axe of flaming
 m - a +3 battleaxe of flaming
 u - the +6 flail "Pofass" {flame, +Blink Fly rPois}
   (You found it on level 4 of the Dungeon)

   It burns those it strikes, dealing additional fire damage.
   rPois:     It protects you from poison.
   Fly:       It grants you flight.
   +Blink:    It lets you blink.
 z - the +10 war axe of Res Nullius (weapon) {drain, rElec Dex+3}
   (You acquired it on level 5 of the Lair of Beasts)

   A truly terrible weapon, it drains the life of any living foe it strikes.
   Dex:       It affects your dexterity (+3).
   rElec:     It insulates you from electricity.
 S - a +6 vorpal broad axe
Armour
 a - a +1 pair of boots of flying (worn)
 b - a +0 chain mail of fire resistance
 j - a +3 plate armour of fire resistance (worn)
 D - a scarf of repulsion (worn)
 F - a +2 tower shield (worn)
 J - a +2 hat (worn)
 N - a +0 pair of gloves (worn)
Jewellery
 n - a +4 ring of protection
 q - a +6 ring of strength
 r - a ring of resist corrosion
 v - an amulet of reflection (around neck)
 C - the ring "Elejaj" (left hand) {Contam rF+ Will++ MP-9 SInv}
   (You bought it in a shop on level 4 of the Snake Pit)

   [ring of see invisible]

   rF:        It protects you from fire.
   MP:        It affects your magic capacity (-9).
   SInv:      It lets you see invisible.
   Contam:    It causes magical contamination when unequipped.
   Will:      It greatly increases your willpower.
 I - a ring of protection from cold
 K - a ring of protection from fire
 O - a ring of poison resistance (right hand)
 Z - a ring of willpower
Wands
 L - a wand of mindburst (18)
 Q - a wand of acid (7)
 R - a wand of paralysis (2)
 T - a wand of iceblast (22)
 V - a wand of digging (11)
Scrolls
 c - a scroll of silence
 e - 15 scrolls of teleportation
 l - 3 scrolls of blinking
 o - a scroll of fear
 p - 2 scrolls of magic mapping
 s - a scroll of amnesia
 y - 4 scrolls of enchant weapon
 A - 4 scrolls of vulnerability
 B - 2 scrolls of immolation
 E - 3 scrolls of holy word
 P - a scroll of fog
 U - 3 scrolls of enchant armour
 X - a scroll of torment
Potions
 d - 4 potions of might
 g - 2 potions of berserk rage
 h - 3 potions of mutation
 t - 6 potions of lignification
 w - 2 potions of magic
 x - 7 potions of curing
 H - 2 potions of invisibility
 M - 3 potions of resistance {unknown}
 Y - 2 potions of brilliance {unknown}
Miscellaneous
 G - a condenser vane


   Skills:
 + Level 16.3 Fighting
 + Level 19.2(19.4) Axes
 - Level 4.3(11.5) Maces & Flails
 + Level 16.0 Armour
 - Level 0.9 Dodging
 - Level 0.5 Stealth
 + Level 15.5 Shields
 + Level 10.7 Invocations


You had 15 spell levels left.
You didn't know any spells.
Your spell library contained the following spells:

 Spells                   Type           Power      Damage    Failure   Level
 Animate Skeleton         Necr           0%         N/A       100%        1
 Beastly Appendage        Tmut           0%         N/A       100%        1
 Pain                     Necr           0%         1d4       100%        1
 Slow                     Hex            0%         N/A       100%        1
 Summon Small Mammal      Summ           0%         N/A       100%        1
 Corpse Rot               Necr/Air       0%         N/A       100%        2
 Ensorcelled Hibernation  Hex/Ice        0%         N/A       100%        2
 Passwall                 Tmut/Erth      0%         N/A       100%        2
 Wereblood                Tmut           0%         N/A       100%        2
 Call Canine Familiar     Summ           0%         N/A       100%        3
 Confusing Touch          Hex            0%         N/A       100%        3
 Conjure Flame            Conj/Fire      0%         6-21      100%        3
 Dazzling Flash           Conj/Hex       0%         N/A       100%        3
 Gell's Gravitas          Tloc           0%         N/A       100%        3
 Ignite Poison            Fire/Tmut/Pois 0%         N/A       100%        3
 Inner Flame              Hex/Fire       0%         N/A       100%        3
 Ozocubu's Armour         Ice            0%         N/A       100%        3
 Spider Form              Tmut/Pois      0%         N/A       100%        3
 Summon Guardian Golem    Hex/Summ       0%         N/A       100%        3
 Swiftness                Air            0%         N/A       100%        3
 Teleport Other           Tloc           0%         N/A       100%        3
 Tukima's Dance           Hex            0%         N/A       100%        3
 Vampiric Draining        Necr           0%         2d6       100%        3
 Anguish                  Hex/Necr       0%         N/A       100%        4
 Animate Armour           Summ/Erth      0%         N/A       100%        4
 Cause Fear               Hex            0%         N/A       100%        4
 Dispel Undead            Necr           0%         3d6       100%        4
 Hailstorm                Conj/Ice       0%         3d3       100%        4
 Ice Form                 Ice/Tmut       0%         N/A       100%        4
 Leda's Liquefaction      Hex/Erth       0%         N/A       100%        4
 Petrify                  Tmut/Erth      0%         N/A       100%        4
 Sticky Flame             Conj/Fire      0%         2d3       100%        4
 Agony                    Necr           0%         N/A       100%        5
 Blade Hands              Tmut           0%         N/A       100%        5
 Fireball                 Conj/Fire      0%         3d3       100%        5
 Freezing Cloud           Conj/Ice/Air   0%         6-21      100%        5
 Iskenderun's Battlesphe  Conj           0%         2d6       100%        5
 Lee's Rapid Deconstruct  Erth           0%         3d5*      100%        5
 Metabolic Englaciation   Hex/Ice        0%         N/A       100%        5
 Silence                  Hex/Air        0%         N/A       100%        5
 Summon Forest            Summ/Tloc      0%         N/A       100%        5
 Conjure Ball Lightning   Conj/Air       0%         3x3d6     100%        6
 Death Channel            Necr           0%         N/A       100%        6
 Dispersal                Tloc           0%         N/A       100%        6
 Eringya's Noxious Bog    Tmut/Pois      0%         N/A       100%        6
 Iron Shot                Conj/Erth      0%         9d1       100%        6
 Simulacrum               Ice/Necr       0%         N/A       100%        6
 Statue Form              Tmut/Erth      0%         N/A       100%        6
 Enfeeble                 Hex            0%         N/A       100%        7
 Orb of Destruction       Conj           0%         9d5       100%        7
 Ozocubu's Refrigeration  Ice            0%         4d5       100%        7
 Summon Hydra             Summ           0%         N/A       100%        7
 Discord                  Hex            0%         N/A       100%        8
 Polar Vortex             Ice            0%         N/A       100%        9


Dungeon Overview and Level Annotations

Branches:
Dungeon (14/15)            Temple (0/1) D:6            Lair (6/6) D:10
 Shoals (0/4) Lair:2        Snake (4/4) Lair:2        Slime (0/5) Lair:6
    Orc (2/2) D:9             Elf (0/3) Orc:2         Sewer (visited)
 Bailey (visited)         Volcano (visited)
 Vaults: D:13-14

Altars:
Fedhas
Qazlal
Sif Muna
Beogh
Jiyva

Shops:
D:8 *   D:9 [   Orc:2 *(   Snake:1 (   Snake:2 (((=?!   Snake:4 !==

Annotations:
Snake:3 3 runed translucent doors, littlecub's ghost, journeyman DsGl


Message History

The naga sharpshooter shoots an arrow.
You reflect the arrow off an invisible shield around you!
The arrow hits the naga sharpshooter!
You feel sick.
Boderik roars a battlecry!
Orkrul goes into a battle-frenzy!
The naga sharpshooter shoots a bolt.
The bolt hits your orc knight!!
Orkrul hits the naga sharpshooter from afar with a +0 demon trident of draining!
A naga sharpshooter comes into view. It is wielding a +0 glaive.
Unknown command.
You closely miss the naga sharpshooter.
The naga sharpshooter is lightly wounded.
You feel sick. You block the naga mage's attack.
The naga sharpshooter gestures wildly while chanting.
Unknown command.
You slash the naga sharpshooter! You drain the naga sharpshooter.
The naga sharpshooter is heavily wounded.
You feel sick.
Your orc knight hits the naga sharpshooter from afar with a +0 trident!!
You block the naga mage's attack.
The naga sharpshooter mumbles some strange words.
The naga sharpshooter magically shoots a bolt.
You reflect the bolt off an invisible shield around you!
Orkrul hits the naga sharpshooter from afar with a +0 demon trident of draining!
You slash the naga sharpshooter!
You kill the naga sharpshooter!
Beogh accepts your kill.
Your orc knight looks more experienced.
You feel sick.
The naga mage points at you and mumbles some strange words.
The bolt of poison hits you but does no damage.
You resist.
The bolt of poison hits your orc knight!
Your orc knight looks even sicker.
The naga sharpshooter no longer looks unusually strong.
Your orc knight throws a boomerang.
The boomerang hits the naga mage!
The naga sharpshooter gestures wildly while chanting.
The naga sharpshooter magically shoots a bolt.
The bolt hits you!
You die...

....##.....o.....##
#.###......
....##....#########
#..#..#....
....###...........###
#..#.#....[ ##.##
###.......[).N###..#.....#.
##.#
########[o)..##..#.......
#..# ###[)).##....o..(..
#.## ####.)o)†#####........
..# ##.....o.##............
#####..
#...N)@.#####...###...#
....... ##..N####.
##....##...# ......# #...N
#..#...#.#....# .######
..... #†#<#.#...#### .#
....⌠ #...#...### ## ....
##.......# ..8. #.....#.##
##.......# ###†....#


You could see a naga sharpshooter (ally target), a naga mage (fast, ally
target), a naga, the friendly Boderik the orc warlord (strong, poisoned,
drained), a friendly orc knight (strong, very poisoned) and the friendly Orkrul
the orc knight (strong, poisoned).

Vanquished Creatures
  Asterion (Snake:4)
  Gastronok (D:9)
  4 nagarajas
  Aizul (Snake:2)
  Nessos (Orc:2)
  A dire elephant (Lair:6)
  5 naga warriors
  2 boulder beetles
  2 hydras
  3 centaur warriors
  Erica (D:9)
  6 anacondas
  6 two-headed ogres
  A merfolk avatar (Lair:6)
  A death yak (Lair:6)
  Urug (Lair:4)
  2 shock serpents
  6 naga sharpshooters
  A salamander mystic (Snake:3)
  A lindwurm (Lair:5)
  3 naga ritualists
  A deep elf archer (Volcano)
  8 deep elf pyromancers
  4 mana vipers
  Pikel (D:7)
  4 manticores
  An orc sorcerer (Orc:1)
  A cyclops (D:12)
  5 salamanders
  A centaur zombie (D:10)
  6 black mambas
  2 elephants (Lair:6)
  9 naga magi
  3 gargoyles
  6 cane toads
  Maggie (D:9)
  6 rime drakes
  5 komodo dragons
  A troll (D:11)
  An anaconda simulacrum (Lair:3)
  A meliai (shapeshifter) (D:13)
  3 polar bears
  3 hornets
  8 blink frogs
  Grinder (D:5)
  6 slime creatures
  2 dream sheep (Lair:6)
  2 shadows (D:9)
  2 wyverns
  5 hogs (Lair:6)
  Eustachio (D:4)
  3 wraiths
  4 fire elementals (Volcano)
  31 yaks
  2 basilisks
  Grum (D:10)
  2 steam dragons
  A warg (Orc:2)
  A harpy simulacrum (Lair:3)
  18 nagas
  A death yak simulacrum (Lair:3)
  2 two-headed ogre zombies (D:9)
  14 water moccasins
  4 hell hounds (Volcano)
  13 orc warriors
  A sky beast (D:6)
  A black bear (D:7)
  2 ogres
  6 centaurs
  15 wolves
  A phantom (D:9)
  11 bullfrogs
  A scorpion (D:6)
  A wyvern skeleton (D:7)
  A troll zombie (D:9)
  6 killer bees
  5 wights
  3 electric eels
  8 howler monkeys
  A lava snake (D:8)
  2 bullfrog zombies
  4 hounds
  A gnoll shaman (D:6)
  5 orc priests
  2 jellies
  A bullfrog skeleton (D:7)
  A centaur skeleton (D:7)
  4 iguanas (D:6)
  10 orc wizards
  A troll simulacrum (Lair:3)
  2 polar bear simulacra (Lair:3)
  A spriggan simulacrum (Lair:3)
  2 killer bee zombies
  5 ogre zombies (D:9)
  4 howler monkey zombies
  12 adders
  10 gnolls
  A naga simulacrum (Lair:3)
  A river rat (D:10)
  A shadow imp (D:7)
  3 white imps
  An ufetubus (D:4)
  An adder zombie (D:5)
  An adder skeleton (D:4)
  2 worms
  4 dart slugs
  32 orcs
  19 ball pythons
  10 endoplasms
  14 giant cockroaches
  13 goblins
  12 hobgoblins
  9 jackals
  13 kobolds
  11 quokkas
  4 bats
  11 frilled lizards
  6 goblin zombies (D:9)
  A hobgoblin skeleton (D:9)
  3 hobgoblin zombies (D:9)
  5 orc skeletons (D:9)
  10 orc zombies (D:9)
  6 rats
571 creatures vanquished.

Vanquished Creatures (collateral kills)
  Mara (Snake:3)
  Vashnia (Snake:2)
  Kirke (Lair:6)
  3 nagarajas
  Louise (Snake:1)
  6 naga warriors
  2 boulder beetles (Lair:6)
  A two-headed ogre (Orc:2)
  A centaur warrior (D:14)
  6 anacondas
  3 hydras
  2 salamander tyrants
  5 death yaks
  7 naga sharpshooters
  5 shock serpents
  2 naga ritualists
  A wizard (D:14)
  3 lindwurms
  A bog body (Lair:3)
  A deep elf pyromancer (D:13)
  An orc knight (Orc:2)
  3 mana vipers
  2 orc sorcerers (Orc:1)
  2 cyclopes
  8 salamanders
  3 manticores
  15 black mambas
  6 naga magi
  5 guardian serpents
  2 torpor snails
  4 cane toads
  A gargoyle (D:10)
  2 centaur zombies (D:11)
  4 rime drakes
  4 komodo dragons
  An efreet (D:14)
  2 trolls (D:12)
  A wind drake (Lair:6)
  4 blink frogs
  2 slime creatures (D:14)
  3 dream sheep (Lair:6)
  A snapping turtle (Lair:6)
  A wraith (D:12)
  2 wyverns
  21 yaks
  A hog (Lair:6)
  4 basilisks
  2 steam dragons
  7 nagas
  7 water moccasins
  2 orc warriors
  9 wolves
  2 centaurs (D:14)
  A bullfrog (Lair:4)
  A cane toad simulacrum (Lair:3)
  A killer bee (D:10)
  A howler monkey (D:11)
  An electric eel (D:11)
  An orc priest (Orc:2)
  3 orc wizards
  A hell rat (D:10)
  A wolf simulacrum (Lair:3)
  3 troll simulacra (Lair:3)
  6 orcs
207 creatures vanquished.

Vanquished Creatures (others)
  An orc warlord (Snake:4)
  2 orc knights (Snake:1)
  2 orc sorcerers
  A wizard (D:11)
  2 deep elf pyromancers (Volcano)
  7 orc warriors
  A human (Lair:6)
  A steam dragon (D:7)
  2 nagas
  An orc priest (Lair:6)
  6 orc wizards
  An ufetubus (D:7)
  9 orcs
  27 fungi
  39 plants
102 creatures vanquished.

Grand Total: 880 creatures vanquished

Notes
Turn   | Place    | Note
-------+----------+-------------------------------------------
     0 | D:1      | Exodus22XD the Hill Orc Fighter began the quest for the
                  | Orb.
     0 | D:1      | Reached XP level 1. HP: 19/19 MP: 1/1
   127 | D:1      | Reached XP level 2. HP: 25/27 MP: 2/2
   316 | D:1      | Reached skill level 3 in Axes
   412 | D:1      | Reached XP level 3. HP: 33/33 MP: 3/3
   960 | D:2      | Reached XP level 4. HP: 29/41 MP: 4/4
  1496 | D:3      | Reached skill level 4 in Axes
  1565 | D:3      | HP: 2/41 [adder (4)]
  1574 | D:3      | Reached XP level 5. HP: 10/47 MP: 5/5
  2761 | D:3      | Reached skill level 5 in Fighting
  2990 | D:4      | Reached XP level 6. HP: 44/56 MP: 6/6
  3138 | D:4      | Reached skill level 5 in Armour
  3262 | D:4      | Identified the +6 flail "Pofass" {flame, +Blink Fly rPois}
  3349 | D:4      | Noticed Eustachio
  3377 | D:4      | Killed Eustachio
  3378 | D:4      | Reached skill level 5 in Axes
  3794 | D:5      | Entered Level 5 of the Dungeon
  3799 | D:5      | Noticed Grinder
  3805 | D:5      | Paralysed by Grinder for 5 turns
  4076 | D:5      | Found a glowing drain.
  4102 | D:5      | Reached XP level 7. HP: 59/61 MP: 7/7
  4107 | Sewer    | Entered a sewer
  4186 | Sewer    | Reached skill level 6 in Axes
  4920 | D:5      | Reached skill level 7 in Axes
  4949 | D:5      | Killed Grinder
  4950 | D:5      | Reached XP level 8. HP: 64/70 MP: 8/8
  5602 | D:6      | Found a staircase to the Ecumenical Temple.
  5697 | D:6      | Reached skill level 8 in Axes
  5702 | D:6      | Reached skill level 5 in Shields
  6866 | D:7      | Became a worshipper of Beogh the Brigand
  7058 | D:7      | Reached skill level 9 in Axes
  7114 | D:7      | Noticed a hornet
  7120 | D:7      | Noticed Pikel
  7130 | D:7      | Reached XP level 9. HP: 11/78 MP: 9/9
  7133 | D:7      | Killed a hornet
  7137 | D:7      | Killed Pikel
  7138 | D:7      | Reached skill level 1 in Maces & Flails
  7325 | D:7      | Reached skill level 10 in Axes
  7490 | D:7      | Found a flagged portal.
  7514 | Bailey   | Entered a bailey
  7644 | Bailey   | Reached * piety under Beogh
  8741 | D:7      | Reached XP level 10. HP: 85/89 MP: 10/10
 10040 | D:8      | Found Murubbaoty's Fire Supplies.
 10202 | D:8      | Reached skill level 11 in Axes
 10423 | D:9      | Noticed Erica
 10424 | D:9      | Reached ** piety under Beogh
 10430 | D:9      | Killed Erica
 10463 | D:9      | Noticed Gastronok
 10734 | D:9      | Noticed Maggie
 10740 | D:9      | Killed Maggie
 10741 | D:9      | Reached skill level 12 in Axes
 10782 | D:9      | Found a staircase to the Orcish Mines.
 10795 | D:9      | Reached XP level 11. HP: 87/97 MP: 11/11
 10870 | D:9      | Killed Gastronok
 10926 | D:9      | Reached *** piety under Beogh
 11022 | D:9      | Reached skill level 1 in Invocations
 11029 | D:9      | Found Weng's Antique Armour Emporium.
 11440 | D:9      | Found a shimmering blue altar of Sif Muna.
 11503 | D:10     | Entered Level 10 of the Dungeon
 11518 | D:10     | You are sucked into a shaft and drop 2 floors!
 11518 | D:12     | Noticed a boulder beetle
 11547 | D:12     | Killed a boulder beetle
 11548 | D:12     | Reached skill level 5 in Invocations
 11897 | D:10     | Noticed a two-headed ogre
 11904 | D:10     | Killed a two-headed ogre
 12125 | D:10     | Noticed a death yak
 12128 | D:10     | Found a staircase to the Lair.
 12128 | D:10     | Noticed a death yak
 12131 | D:10     | Noticed a death yak
 12134 | D:10     | Killed a death yak
 12143 | D:10     | Killed a death yak
 12147 | D:10     | Killed a death yak
 12148 | D:10     | Reached **** piety under Beogh
 12649 | D:10     | Noticed Grum
 12652 | D:10     | Reached skill level 10 in Invocations
 12661 | D:10     | Killed Grum
 12890 | D:11     | Gained Boderik as an ally
 12891 | D:11     | Reached XP level 12. HP: 106/106 MP: 19/19
 12893 | D:11     | Reached skill level 13 in Axes
 13002 | D:11     | Noticed a two-headed ogre
 13008 | D:11     | Killed a two-headed ogre
 13009 | D:11     | Reached skill level 10 in Fighting
 13045 | D:11     | Noticed a two-headed ogre
 13053 | D:11     | Killed a two-headed ogre
 13054 | D:11     | Reached skill level 10 in Armour
 13228 | D:11     | Noticed a five-headed hydra
 13233 | D:11     | Killed a one-headed hydra
 13668 | D:12     | Noticed a five-headed hydra
 13676 | D:12     | Killed a two-headed hydra
 13726 | D:12     | Reached skill level 14 in Axes
 13737 | D:12     | Noticed a two-headed ogre
 13743 | D:12     | Killed a two-headed ogre
 13749 | D:12     | Noticed a two-headed ogre
 13757 | D:12     | Killed a two-headed ogre
 15305 | D:13     | Reached skill level 15 in Axes
 15305 | D:13     | Noticed a vault guard
 15392 | D:13     | Noticed a centaur warrior
 15402 | D:13     | Killed a centaur warrior
 15403 | D:13     | Reached XP level 13. HP: 116/116 MP: 20/20
 15768 | D:14     | Reached skill level 10 in Shields
 15768 | D:14     | Found a stormy altar of Qazlal.
 15785 | D:14     | Reached ***** piety under Beogh
 17143 | D:14     | Reached skill level 16 in Axes
 17489 | Orc:1    | Entered Level 1 of the Orcish Mines
 17888 | Lair:1   | Entered Level 1 of the Lair of Beasts
 18567 | Lair:2   | Found a staircase to the Snake Pit.
 18751 | Lair:2   | Found a staircase to the Shoals.
 20303 | Lair:3   | Reached XP level 14. HP: 119/127 MP: 21/21
 20635 | Lair:4   | Noticed Urug
 20647 | Lair:4   | Killed Urug
 20648 | Lair:4   | Reached skill level 17 in Axes
 21098 | Lair:4   | Found a dark tunnel.
 21119 | Volcano  | Entered a volcano
 22015 | Lair:5   | Reached ****** piety under Beogh
 22326 | Lair:5   | Identified a scroll of acquirement
 22329 | Lair:5   | Acquired the +10 war axe of Res Nullius {drain, rElec
                  | Dex+3}
 22439 | Orc:2    | Entered Level 2 of the Orcish Mines
 22479 | Orc:2    | Found a staircase to the Elven Halls.
 22555 | Orc:2    | Noticed Nessos
 22575 | Orc:2    | Killed Nessos
 22812 | Orc:2    | Found a roughly hewn altar of Beogh.
 22914 | Orc:2    | Found a roughly hewn altar of Beogh.
 23444 | Orc:2    | Found a roughly hewn altar of Beogh.
 23452 | Orc:2    | Found Cont's Assorted Antiques.
 23646 | Orc:2    | Found a roughly hewn altar of Beogh.
 23656 | Orc:2    | Found Meeh's Weapon Shop.
 24123 | Lair:6   | Entered Level 6 of the Lair of Beasts
 24172 | Lair:6   | Noticed a dire elephant
 24183 | Lair:6   | Killed a dire elephant
 24317 | Lair:6   | Found a staircase to the Slime Pits.
 24317 | Lair:6   | Found a viscous altar of Jiyva.
 24725 | Lair:6   | Reached XP level 15. HP: 126/139 MP: 22/22
 24840 | Lair:6   | Found the +8 longbow "Zephyr" {speed, Dex+3 SInv}
 24922 | Lair:6   | Noticed Kirke
 24929 | Lair:6   | Reached skill level 18 in Axes
 24933 | Lair:6   | Killed Kirke
 25384 | Snake:1  | Entered Level 1 of the Snake Pit
 25392 | Snake:1  | Reached skill level 15 in Fighting
 25990 | Snake:1  | Found Buin's Weapon Boutique.
 26047 | Snake:1  | Noticed Louise
 26090 | Snake:1  | Killed Louise
 26705 | Snake:1  | Found a blossoming altar of Fedhas.
 26736 | Snake:1  | Gained Boruk as an ally
 27099 | Snake:2  | Gained Orkrul as an ally
 27118 | Snake:2  | Found Ydeh's Antique Weapon Emporium.
 27256 | Snake:2  | Noticed Vashnia
 27256 | Snake:2  | Noticed a nagaraja
 27274 | Snake:2  | Killed a nagaraja
 27284 | Snake:2  | Your ally Orkrul died
 27290 | Snake:2  | Killed Vashnia
 27295 | Snake:2  | Reached skill level 15 in Armour
 27638 | Snake:2  | Found Zuungeud's Magic Scroll Shop.
 27650 | Snake:2  | Bought a scroll of identify for 34 gold pieces
 27655 | Snake:2  | Bought a scroll of fog for 34 gold pieces
 27655 | Snake:2  | Bought a scroll of enchant armour for 127 gold pieces
 28015 | Snake:2  | Found Wovykuv's Weapon Boutique.
 28065 | Snake:2  | Found Heryolugi's Weapon Emporium.
 28075 | Snake:2  | Bought the +5 halberd of Collusion {vorpal, Will+ Dex+3
                  | Stlth+} for 737 gold pieces
 28113 | Snake:2  | Noticed Aizul
 28126 | Snake:2  | Your ally Orkrul died
 28128 | Snake:2  | Killed Aizul
 28148 | Snake:2  | Found Wanwaus's General Store.
 28149 | Snake:2  | Found Odorasun's Jewellery Shop.
 28155 | Snake:2  | Found Afouch Ighi's Distillery.
 28173 | Snake:2  | Bought a potion of heal wounds for 70 gold pieces
 28173 | Snake:2  | Bought a potion of heal wounds for 70 gold pieces
 28495 | Snake:3  | Reached XP level 16. HP: 149/150 MP: 24/24
 28776 | Snake:3  | Noticed Mara
 28786 | Snake:3  | Noticed Exodus22XD's illusion
 28789 | Snake:3  | Killed Mara
 28796 | Snake:3  | Noticed a nagaraja
 28802 | Snake:3  | Killed a nagaraja
 29079 | Snake:3  | Found a runed translucent gate.
 29079 | Snake:3  | Found a runed translucent gate.
 29081 | Snake:3  | Found a runed translucent gate.
 29083 | Snake:3  | Noticed littlecub's ghost (journeyman DsGl)
 29703 | Snake:4  | Entered Level 4 of the Snake Pit
 30373 | Snake:4  | Found Byrchavar's Distillery.
 30375 | Snake:4  | Found Zustida's Jewellery Emporium.
 30379 | Snake:4  | Found Bodgh's Jewellery Shoppe.
 30382 | Snake:4  | Bought a potion of might for 52 gold pieces
 30382 | Snake:4  | Bought a potion of might for 52 gold pieces
 30382 | Snake:4  | Bought a potion of degeneration for 13 gold pieces
 30392 | Snake:4  | Bought the ring "Elejaj" {Contam rF+ Will++ MP-9 SInv} for
                  | 240 gold pieces
 30486 | Snake:4  | Noticed Asterion
 30493 | Snake:4  | Noticed an Executioner
 30496 | Snake:4  | Killed Asterion
 30757 | Snake:4  | Reached skill level 19 in Axes
 30759 | Snake:4  | Reached skill level 15 in Shields
 30767 | Snake:4  | Noticed a nagaraja
 30773 | Snake:4  | Killed a nagaraja
 30777 | Snake:4  | Noticed a nagaraja
 30785 | Snake:4  | Noticed a nagaraja
 30788 | Snake:4  | Killed a nagaraja
 30788 | Snake:4  | Killed a nagaraja
 30789 | Snake:4  | Noticed a nagaraja
 30791 | Snake:4  | Noticed a nagaraja
 30792 | Snake:4  | Your ally Boruk died
 30799 | Snake:4  | Killed a nagaraja
 30807 | Snake:4  | Killed a nagaraja
 30814 | Snake:4  | Shot with a bolt by a naga sharpshooter

Illustrated notes

Levels and vault maps discovered:
D:1:      wander_arrival_abandoned_jail, layout_rooms,
          nicolae_figureground_pulse
D:2:      kennysheep_big_flooded_room, layout_rooms, minmay_shallow_snake_nest
D:3:      layout_basic, minmay_misc_feat_rugged, st_stairs_3, interstate_on_off,
          guppyfry_early_orc_mine
D:4:      layout_basic, uniq_eustachio
D:5:      layout_layer_cave, gup_sewer_entry_glass, uniq_grinder
D:6:      layout_basic, minmay_temple_entry_arrows,
          hangedman_decor_diamond_cutter, kennysheep_donut
D:7:      minmay_recursive_quarters, layout_cave_pools, enter_bailey_6,
          columned_hall_lemuel, kennysheep_generic_room_2, uniq_pikel
D:8:      layout_cave_pools, kennysheep_diamond, kennysheep_cluttered_room,
          nicolae_shop_fire_sale [nicolae_sub_dead_trees]
D:9:      layout_loops_ring, nicolae_sif_muna_little_library, zombieorc2_lemuel,
          serial_shops, nicolae_shop_behind_doors, uniq_maggie, uniq_erica,
          uniq_gastronok
D:10:     layout_gridville, dpeg_lair_monsters, uniq_grum
D:11:     layout_rooms, nrook_pool_corridor
D:12:     layout_loops_corners, gauntlet_entry_generic
D:13:     layout_loops_cross, grunt_vaults_entry_fortified
D:14:     layout_basic, basic_altar, eino_small_chamber_without_monster
Lair:1:   layout_gridlike
Lair:2:   layout_chaotic_city, elwin_shoals_entry_rocks,
          minmay_snake_entry_guardpost_small, nicolae_lair_lindhole
Lair:3:   dreamdust_isle_of_ice, layout_loops_ring, grunt_megastairs_4
Lair:4:   layout_hall_layers, nicolae_volcano_entry_hallway, uniq_urug
Lair:5:   layout_regular_city, grunt_megastairs_5
Lair:6:   gammafunk_lair_ancient_temple, layout_regular_city, slime_altar_1,
          grunt_megastairs_1, uniq_kirke
Snake:1:  layout_rooms, serial_shops, nicolae_shop_statue_plus, basic_altar,
          grunt_ministairs_15, lemuel_fruit_tree, uniq_louise
Snake:2:  layout_rooms, serial_shops, nicolae_shop_hallway_plus,
          nicolae_square_shop, nicolae_shop_bloodbath_and_beyond, shop,
          nicolae_snake_serpentine_bazaar, uniq_aizul, uniq_vashnia
Snake:3:  layout_layer_cave, gammafunk_ghost_necromancy, uniq_mara
Snake:4:  grunt_snake_rune_serpentine_throne, layout_misc_corridors,
          special_room, minmay_shop_star, serial_bayou_shore_b, uniq_asterion
Orc:1:    layout_caves
Orc:2:    grunt_orc_community_town_hall, layout_diamond_mine,
          grunt_orc_community_big_house_2, grunt_orc_community_big_house_2,
          grunt_orc_community_house_1, grunt_orc_community_house_2,
          grunt_orc_community_house_3, grunt_orc_community_house_2,
          grunt_orc_community_house_1, grunt_orc_community_house_1,
          minmay_orc_temple_b, uniq_nessos

Skill      XL: |  1  2  3  4  5  6  7  8  9 10 11 12 13 14 15 16 |
---------------+-------------------------------------------------+-----
Fighting       | 4 5 6 8 9 11 12 14 15 16 | 16.3
Axes           | 3 4 5 7 9 10 12 15 16 17 18 19 | 19.2
Armour         | 4 5 7 8 9 11 12 13 15 16 | 16.0
Shields        | 4 5 7 8 9 11 12 14 15 | 15.5
Maces & Flails | 2 3 4 |  4.3
Invocations    | 10 | 10.7
Dodging        | |  0.9
Stealth        | |  0.5

Action                   |  1- 3 |  4- 6 |  7- 9 | 10-12 | 13-15 | 16-18 || total
-------------------------+-------+-------+-------+-------+-------+-------++-------
Melee: War axe           |    92 |   230 |   236 |   436 |   721 |   105 ||  1820
       Flail             |       |       |   118 |    28 |       |       ||   146
       Unarmed           |       |       |       |       |     1 |       ||     1
Invok: Convert to Beogh  |       |       |     1 |       |       |       ||     1
       Recall Orcish Fol |       |       |       |       |     8 |       ||     8
       Stop Recall       |       |       |       |       |     5 |       ||     5
       Give Item to Name |       |       |       |       |     2 |     1 ||     3
       Resurrection      |       |       |       |       |     2 |       ||     2
       Smiting           |       |       |       |       |     1 |       ||     1
Evoke: Wand              |       |       |       |       |     2 |     2 ||     4
  Use: Potion            |       |     1 |     4 |     3 |     7 |     6 ||    21
       Scroll            |       |       |     7 |     5 |     9 |     1 ||    22
 Stab: Distracted        |       |       |       |     3 |    11 |     1 ||    15
       Paralysed         |       |       |       |       |     7 |       ||     7
Armor: Scale mail        |    21 |       |       |       |       |       ||    21
       Plate armour      |    38 |   177 |   163 |       |   181 |    55 ||   614
       Chain mail        |       |       |    10 |   185 |   146 |       ||   341
Dodge: Dodged            |    43 |    73 |   125 |   145 |   180 |    18 ||   584
       Repelled          |       |       |     1 |     4 |    16 |     2 ||    23
Block: Buckler           |    27 |    69 |   221 |   210 |   333 |       ||   860
       Reflection        |       |       |    13 |    11 |    62 |    18 ||   104
       Tower shield      |       |       |       |       |   155 |   182 ||   337
